 Dungeon Crawl Stone Soup version 0.29-a0-821-g66395355a5 (webtiles) character file.

Game seed: 16441673914541848503

16703 HoaS the Markstengu (level 12, -1/71 HPs)
             Began as a Tengu Hunter on July 7, 2022.
             Was a High Priest of Okawaru.
             Slain by a cane toad (19 damage)
             ... on level 2 of the Lair of Beasts.
             The game lasted 00:27:39 (15397 turns).

HoaS the Markstengu (Tengu Hunter)                 Turns: 15397, Time: 00:27:40

Health: -1/71      AC:  9    Str: 13    XL:     12   Next: 40%
Magic:  17/17      EV: 24    Int: 10    God:    Okawaru [*****.]
Gold:   731        SH:  5    Dex: 21    Spells: 11/11 levels left

rFire   + . .      SeeInvis .   E - +0 arbalest
rCold   . . .      Faith    .   (shield currently unavailable)
rNeg    . . .      Spirit   .   x - +1 steam dragon scales
rPois   .          Reflect  +   (helmet restricted)
rElec   .          Harm     .   r - +2 cloak
rCorr   .          Rampage  .   (no gloves)
Will    .....                   (boots unavailable)
Stlth   ++........              y - amulet of reflection
HPRegen 0.21/turn               i - +4 ring of evasion
MPRegen 0.15/turn               t - ring of protection from fire

@: lethally poisoned (-1 -> -14), flying quickly and evasively, quick
A: beak, talons 3, nimble flight
a: Renounce Religion, Heroism, Finesse, Duel


You were on level 2 of the Lair of Beasts.
You worshipped Okawaru.
Okawaru was extremely pleased with you.
You visited 2 branches of the dungeon, and saw 13 of its levels.
You also visited: Bailey.

You collected 875 gold pieces.
You spent 144 gold pieces at shops.

Inventory:

Hand Weapons
 E - a +0 arbalest (weapon)
 G - a +5 longbow
Missiles
 g - 7 throwing nets
Armour
 a - +0 acid dragon scales
 r - a +2 cloak (worn)
 x - +1 steam dragon scales (worn)
Jewellery
 i - a +4 ring of evasion (left hand)
 m - a ring of ice
 t - a ring of protection from fire (right hand)
 u - a ring of ice
 v - a ring of protection from fire
 y - an amulet of reflection (around neck)
Wands
 c - a wand of mindburst (12)
 f - a wand of flame (1)
 j - a wand of acid (16)
 B - a wand of iceblast (1)
 D - a wand of polymorph (5)
Scrolls
 b - 5 scrolls of immolation
 k - 2 scrolls of poison
 l - 4 scrolls of blinking
 o - a scroll of fog
 q - a scroll of magic mapping
 z - 2 scrolls of fear
 F - a scroll of identify
Potions
 d - 5 potions of curing
 e - 4 potions of mutation
 h - 3 potions of invisibility
 n - 3 potions of might
 p - a potion of lignification
 s - 2 potions of ambrosia
 w - a potion of attraction
 A - a potion of haste
 C - a potion of heal wounds


   Skills:
 + Level 6.6 Fighting
 - Level 18.0 Ranged Weapons
 + Level 7.2 Dodging
 - Level 1.0 Stealth
 + Level 6.5 Invocations


You had 11 spell levels left.
You didn't know any spells.
Your spell library contained the following spells:

 Spells                   Type           Power      Damage    Failure   Level
 Sandblast                Erth           0%         2d4       36%         1
 Slow                     Hex            0%         N/A       36%         1
 Passwall                 Tmut/Erth      0%         N/A       50%         2
 Static Discharge         Conj/Air       0%         3-3/arc   50%         2
 Confusing Touch          Hex            0%         N/A       75%         3
 Conjure Flame            Conj/Fire      0%         6-21      75%         3
 Ignite Poison            Fire/Tmut/Pois 0%         N/A       75%         3
 Stone Arrow              Conj/Erth      0%         3d7       75%         3
 Vampiric Draining        Necr           0%         2d6       75%         3
 Anguish                  Hex/Necr       0%         N/A       98%         4
 Sticky Flame             Conj/Fire      0%         2d3       98%         4
 Blade Hands              Tmut           0%         N/A       100%        5
 Irradiate                Conj/Tmut      0%         3d13      100%        5
 Lightning Bolt           Conj/Air       0%         1d11      100%        5
 Yara's Violent Unravell  Hex/Tmut       0%         3d3       100%        5
 Dragon Form              Tmut           0%         N/A       100%        7
 Enfeeble                 Hex            0%         N/A       100%        7
 Maxwell's Capacitive Co  Air            0%         ∞         100%        8


Dungeon Overview and Level Annotations

Branches:
Dungeon (11/15)            Temple (0/1) D:7            Lair (2/6) D:11
    Orc (0/2) D:11         Bailey (visited)
  Swamp: Lair:2-4    Shoals: Lair:2-4     Snake: Lair:2-4    Spider: Lair:2-4

Altars:
Cheibriados
Dithmenos
Elyvilon
Hepliaklqana
Makhleb
Nemelex Xobeh
Okawaru
Wu Jian
Xom
Jiyva

Shops:
D:9 =   D:11 (*

Annotations:
Lair:1 3 runed translucent doors, Shym's ghost, novice GrEE


Innate Abilities, Weirdness & Mutations

You have a beak for a mouth.
You have claws for feet.
Your magical nature lets you fly swiftly and evasively.


Message History

The elephant trunk-slaps you but does no damage.
The elephant barely misses you. The elephant completely misses you.
The elephant barely misses you. The elephant completely misses you.
The cane toad closely misses you.
You shoot a bolt. The bolt hits the elephant!
The elephant is heavily wounded.
You block the elephant's attack. x2; The elephant barely misses you.
The elephant misses you. The elephant closely misses you.
The elephant completely misses you. The cane toad misses you.
You shoot a bolt. The bolt hits the elephant!!
The elephant is severely wounded.
The cane toad misses you. The elephant completely misses you.
The elephant closely misses you.
The elephant tramples you but does no damage.
The elephant closely misses you.
You shoot a bolt. The bolt hits the elephant!!
The elephant is almost dead.
The cane toad stings you!
You are poisoned.
The cane toad poisons you!
The elephant tramples you but does no damage.
You block the elephant's attack. x2; The elephant closely misses you.
The elephant tramples you.
You hold your ground!
The elephant misses you. The cane toad misses you.
You shoot a bolt. The bolt hits the elephant!
You kill the elephant!
Okawaru accepts your kill.
You feel very sick. The elephant closely misses you.
The elephant trunk-slaps you. The elephant closely misses you.
The elephant trunk-slaps you. The elephant closely misses you.
The elephant misses you. You block the cane toad's attack.
You shoot a bolt.
The bolt hits the elephant but does no damage.
You feel very sick. The elephant tramples you!
You hold your ground!
The elephant barely misses you. The elephant closely misses you.
The elephant trunk-slaps you. The elephant tramples you!
You hold your ground!
The elephant misses you. The cane toad stings you!!
You die...

#............
##....######. #...P##
##..## ## #...P# ##
#.######...## ## ..#
.......†....# .#...#
.....†.....P#######.P...#
...............Y@Y(.....#
...............Y.F......P.
###.......................
...#.##.###.....##..###...
...#.#### ##....#...... ..
.....# #.....#......# Y
.....# ##...........#
.....# #....#........
.P.#.## #....#P....##.


You could see 3 elephants and a cane toad.

Vanquished Creatures
  A hydra (Lair:2)
  2 two-headed ogres
  3 elephants (Lair:2)
  Maurice (D:9)
  A gargoyle (D:10)
  An unseen horror (D:9)
  The ghost of qborf the Chopper, a novice FoCK of Xom (D:5)
  2 komodo dragons (Lair:1)
  A kobold demonologist (D:10)
  2 trolls
  A polar bear (Lair:1)
  8 blink frogs
  Sigmund (D:4)
  A wraith (D:10)
  A shadow (D:11)
  14 yaks
  4 wyverns
  Grum (Bailey)
  2 steam dragons
  3 acid dragons
  5 water moccasins
  2 orc warriors
  A sky beast (D:6)
  An ice beast (D:4)
  An ogre (D:5)
  8 wolves (Bailey)
  2 centaurs
  6 kobold brigands
  A necrophage (D:5)
  8 bullfrogs
  A scorpion (D:7)
  6 gnoll sergeants (Bailey)
  7 wights (D:7)
  20 killer bees
  6 howler monkeys
  7 hounds
  5 orc priests
  Crazy Yiuf (D:7)
  7 gnoll boudas
  Terence (D:3)
  Jessica (D:3)
  6 orc wizards
  5 iguanas
  Robin (D:3)
  21 gnolls
  6 adders
  3 white imps
  5 worms
  3 dart slugs
  29 orcs
  8 endoplasms
  A giant cockroach (D:1)
  11 hobgoblins
  6 jackals
  4 quokkas
  7 ball pythons
  3 bats
  2 frilled lizards
  17 goblins
  37 kobolds
  2 rats
325 creatures vanquished.

Vanquished Creatures (others)
  4 fungi
  4 plants
8 creatures vanquished.

Grand Total: 333 creatures vanquished

Notes
Turn   | Place    | Note
-------+----------+-------------------------------------------
     0 | D:1      | HoaS the Tengu Hunter began the quest for the Orb.
     0 | D:1      | Reached XP level 1. HP: 12/12 MP: 2/2
   228 | D:1      | Reached XP level 2. HP: 17/17 MP: 3/3
   274 | D:1      | Found a faded altar of an unknown god.
   293 | D:1      | Reached skill level 5 in Ranged Weapons
   399 | D:1      | Reached XP level 3. HP: 17/21 MP: 4/4
  1327 | D:2      | Reached skill level 6 in Ranged Weapons
  1338 | D:2      | Reached XP level 4. HP: 26/26 MP: 5/5
  1936 | D:3      | Found a hazy altar of Hepliaklqana.
  2175 | D:3      | Noticed Terence
  2185 | D:3      | Killed Terence
  2220 | D:3      | Noticed Robin
  2233 | D:3      | Gained mutation: Your magical nature lets you fly swiftly
                  | and evasively. [Tengu growth]
  2233 | D:3      | Reached XP level 5. HP: 11/30 MP: 6/6
  2236 | D:3      | Killed Robin
  2476 | D:3      | Reached skill level 7 in Ranged Weapons
  2666 | D:3      | Noticed Jessica
  2668 | D:3      | Killed Jessica
  3309 | D:3      | Reached XP level 6. HP: 35/35 MP: 7/7
  3387 | D:3      | Reached skill level 8 in Ranged Weapons
  3968 | D:3      | Found an iron altar of Okawaru.
  4078 | D:3      | Became a worshipper of Warmaster Okawaru
  4400 | D:4      | Noticed an ice beast
  4650 | D:4      | Noticed Sigmund
  4674 | D:4      | Killed Sigmund
  4675 | D:4      | Reached skill level 9 in Ranged Weapons
  4675 | D:4      | Reached skill level 1 in Invocations
  4675 | D:4      | Reached XP level 7. HP: 25/40 MP: 7/9
  4995 | D:4      | Reached * piety under Okawaru
  5150 | D:5      | Entered Level 5 of the Dungeon
  5265 | D:5      | Found a snail-covered altar of Cheibriados.
  5265 | D:5      | Found a white marble altar of Elyvilon.
  5265 | D:5      | Found a sparkling altar of Nemelex Xobeh.
  5336 | D:5      | Found a runed translucent gate.
  5336 | D:5      | Found a runed translucent gate.
  5336 | D:5      | Found a runed translucent gate.
  5339 | D:5      | Noticed qborf's ghost (novice FoCK)
  5362 | D:5      | Reached skill level 10 in Ranged Weapons
  5362 | D:5      | Reached XP level 8. HP: 38/44 MP: 9/11
  5627 | D:5      | Identified the +0 ring mail of Syndicalism {-Cast rPois
                  | Stlth+}
  6105 | D:6      | Reached skill level 11 in Ranged Weapons
  6602 | D:7      | Found a flagged portal.
  6606 | D:7      | Noticed a wyvern
  6615 | D:7      | Killed a wyvern
  6618 | Bailey   | Entered a bailey
  7014 | Bailey   | Reached skill level 12 in Ranged Weapons
  7022 | Bailey   | Noticed Grum
  7027 | Bailey   | Killed Grum
  7027 | Bailey   | Reached ** piety under Okawaru
  7028 | Bailey   | Reached XP level 9. HP: 27/48 MP: 12/12
  7213 | Bailey   | Reached skill level 13 in Ranged Weapons
  7532 | Bailey   | Reached *** piety under Okawaru
  7540 | Bailey   | Reached skill level 14 in Ranged Weapons
  7751 | D:7      | Identified the +7 halberd of the Apocalypse {drain, rC+
                  | Will- Dex+6}
  7765 | D:7      | Found a staircase to the Ecumenical Temple.
  8136 | D:7      | Reached XP level 10. HP: 53/53 MP: 13/13
  8139 | D:7      | Reached skill level 15 in Ranged Weapons
  8538 | D:7      | Found a runed translucent door.
  8539 | D:7      | Noticed Crazy Yiuf
  8747 | D:7      | Killed Crazy Yiuf
  9004 | D:5      | Killed qborf's ghost
  9004 | D:5      | Reached **** piety under Okawaru
  9964 | D:8      | Reached skill level 16 in Ranged Weapons
 10516 | D:8      | You are sucked into a shaft and drop 2 floors!
 10516 | D:10     | Entered Level 10 of the Dungeon
 10727 | D:10     | Noticed a two-headed ogre
 10750 | D:10     | Killed a two-headed ogre
 10791 | D:10     | Reached ***** piety under Okawaru
 10817 | D:10     | Reached XP level 11. HP: 62/62 MP: 15/15
 10844 | D:10     | Reached skill level 5 in Dodging
 10953 | D:10     | Reached skill level 5 in Invocations
 10962 | D:10     | Received a gift from Okawaru
 11156 | D:10     | Reached skill level 5 in Fighting
 11236 | D:10     | Found an ornate altar of the Wu Jian Council.
 12370 | D:9      | Found a shadowy altar of Dithmenos.
 12495 | D:9      | Found a shimmering altar of Xom.
 12495 | D:9      | Found a shimmering altar of Xom.
 12495 | D:9      | Found a shimmering altar of Xom.
 12497 | D:9      | Found a shimmering altar of Xom.
 12497 | D:9      | Found a shimmering altar of Xom.
 12497 | D:9      | Found a shimmering altar of Xom.
 12497 | D:9      | Found a shimmering altar of Xom.
 12497 | D:9      | Found a shimmering altar of Xom.
 12497 | D:9      | Found a shimmering altar of Xom.
 12500 | D:9      | Noticed Maurice
 12511 | D:9      | Killed Maurice
 12516 | D:9      | Found a shimmering altar of Xom.
 12667 | D:9      | Found Taestauh's Jewellery Boutique.
 12748 | D:9      | Found a burning altar of Makhleb.
 12748 | D:9      | Noticed a cacodemon
 13376 | D:11     | Found a staircase to the Orcish Mines.
 13545 | D:11     | Found a staircase to the Lair.
 13635 | D:11     | Found Jatsa's Antique Weapon Emporium.
 13643 | D:11     | Bought an arbalest for 144 gold pieces
 13934 | D:11     | Found Raarhouwk's Fire Supplies.
 14090 | D:11     | Noticed a two-headed ogre
 14099 | D:11     | Killed a two-headed ogre
 14164 | Lair:1   | Entered Level 1 of the Lair of Beasts
 14592 | Lair:1   | Received a gift from Okawaru
 14614 | Lair:1   | Reached skill level 17 in Ranged Weapons
 14619 | Lair:1   | Found the +6 shillelagh "Devastator" {shatter}
 14893 | Lair:1   | Reached XP level 12. HP: 70/70 MP: 17/17
 14979 | Lair:1   | Found a runed translucent gate.
 14979 | Lair:1   | Found a runed translucent gate.
 14980 | Lair:1   | Found a runed translucent gate.
 14980 | Lair:1   | Noticed Shym's ghost (novice GrEE)
 15146 | Lair:1   | Found a viscous altar of Jiyva.
 15339 | Lair:2   | Noticed an eight-headed hydra
 15342 | Lair:2   | Killed an eight-headed hydra
 15343 | Lair:2   | Reached skill level 18 in Ranged Weapons
 15380 | Lair:2   | Received a gift from Okawaru
 15397 | Lair:2   | Slain by a cane toad

Illustrated notes

Levels and vault maps discovered:
D:1:      dpeg_arrival_rooms_with_view, layout_rooms,
          shapermc_ecumenical_altar_flowoftime
D:2:      layout_basic, nicolae_eternal_life, minmay_misc_feat_columns,
          solitary_fountain
D:3:      cheibrodos_pilgrimage, layout_rooms, mainiacjoe_overflow_24_doors,
          mainiacjoe_overflow_concentric_impassable,
          kennysheep_decorative_pillar, minmay_checkerbox, uniq_terence,
          uniq_robin, uniq_jessica
D:4:      layout_loops_cross, serial_rivers, chequers_serial_rivers_micro_d,
          chequers_serial_rivers_micro_c, chequers_serial_rivers_micro_a,
          chequers_serial_rivers_small_b, chequers_serial_rivers_micro_c,
          uniq_sigmund
D:5:      layout_basic, grunt_temple_overflow_open,
          gammafunk_ghost_nasty_kobolds
D:6:      layout_cave_pods, minivault_22
D:7:      layout_basic, minmay_temple_entry_tees, enter_bailey_2,
          uniq_crazy_yiuf_cottage
D:8:      layout_loops_cross
D:9:      layout_cave_pools, mainiacjoe_overflow_catwalk, xom_shifter_show,
          makhleb_altar_promises_db, serial_shops, nicolae_shop_window_shopping,
          kennysheep_generic_room_15, uniq_maurice
D:10:     layout_basic, lemuel_coloured_pillars_altar, serial_curves,
          eino_curves_04, eino_curves_04, serial_bayou_pond_e
D:11:     layout_gridville, lair_entry_dummy, orc_0_dummy, serial_shops,
          nicolae_shop_crystal, nicolae_shop_fire_sale [nicolae_sub_dead_trees],
          minmay_misc_feat_room, dreamdust_princess_corridor
Lair:1:   layout_loops_ring, gammafunk_ghost_ooze, lemuel_fruit_fields
Lair:2:   layout_chaotic_city, elwin_shoals_entry_stream

Skill      XL: |  1  2  3  4  5  6  7  8  9 10 11 12 |
---------------+-------------------------------------+-----
Ranged Weapons | 5 6 7 9 10 12 14 16 17 18 | 18.0
Invocations    | 1 2 3 4 6 |  6.5
Dodging        | 4 6 7 |  7.2
Fighting       | 4 6 |  6.6
Stealth        | |  1.0

Action                   |  1- 3 |  4- 6 |  7- 9 | 10-12 || total
-------------------------+-------+-------+-------+-------++-------
 Fire: Shortbow          |    80 |   184 |   375 |   521 ||  1160
       Arbalest          |       |       |       |   164 ||   164
Throw: Throwing net      |       |     1 |       |       ||     1
Invok: Heroism           |       |       |     1 |     2 ||     3
       Finesse           |       |       |       |     1 ||     1
  Use: Scroll            |     1 |    13 |     3 |    12 ||    29
       Potion            |       |     1 |     1 |     6 ||     8
Armor: Leather armour    |     8 |    15 |     6 |    11 ||    40
       Steam dragon scal |       |       |       |    27 ||    27
Dodge: Dodged            |    16 |    39 |   105 |   311 ||   471
Block: Other             |       |       |       |    65 ||    65
       Reflection        |       |       |       |     4 ||     4

Table legend: (Time is in decaauts)
 A = Elapsed time spent in this place.
 B = Non-inter-level travel time spent in this place.
 C = Inter-level travel time spent in this place.
 D = Time resting spent in this place.
 E = Time spent auto-exploring this place.
 F = Levels seen in this place.
 G = Mean time per level.
                   A        B        C        D        E       F      G
               +--------+--------+--------+--------+--------+-----+--------+
         Total |  14598 |  14084 |    514 |   5399 |   6477 |  14 | 1042.7 |
       Dungeon |  12362 |  11870 |    492 |   4544 |   5674 |  11 | 1123.8 |
          Lair |   1165 |   1143 |     22 |    332 |    626 |   2 |  582.5 |
        Bailey |   1070 |   1070 |      0 |    523 |    176 |   1 | 1070.0 |
               +--------+--------+--------+--------+--------+-----+--------+

Top non-repeatable levels by time:
     D:7: 2112 daAuts
     D:2: 1707 daAuts
     D:3: 1662 daAuts
    D:10: 1492 daAuts
  Bailey: 1070 daAuts
  Lair:1: 1050 daAuts
     D:6: 915 daAuts
     D:4: 906 daAuts
     D:1: 812 daAuts
     D:9: 808 daAuts
    D:11: 803 daAuts
     D:8: 571 daAuts
     D:5: 569 daAuts
  Lair:2: 115 daAuts
